 Dungeon Crawl Stone Soup version 0.22.0-36-g8e74550d25 (webtiles) character file.

37962 Flugkiller the Nimble (level 13, -1/96 HPs)
             Began as a Deep Elf Assassin on Aug 25, 2018.
             Slain by a catoblepas (29 damage)
             ... while paralysed by you
             ... on level 6 of the Lair of Beasts.
             The game lasted 00:38:12 (21209 turns).

Flugkiller the Nimble (Deep Elf Assassin)          Turns: 21209, Time: 00:38:12

Health: -1/96      AC: 11    Str:  9    XL:     13   Next: 61%
Magic:  18/18      EV:  5    Int: 20    God:    Xom [.*....]
Gold:   1185       SH:  0    Dex: 19    Spells: 12/12 levels left

rFire    + + .     SeeInvis .   (weapon currently unavailable)
rCold    + + .     Gourm    .   (shield currently unavailable)
rNeg     + + +     Faith    .   (armour currently unavailable)
rPois    ∞         Spirit   .   (helmet currently unavailable)
rElec    +         Reflect  .   (cloak currently unavailable)
rCorr    +         Harm     .   (gloves currently unavailable)
MR       +++..                  (boots currently unavailable)
Stlth    ++++......             (amulet currently unavailable)
HPRegen  0.26/turn              (ring currently unavailable)
MPRegen  0.16/turn              (ring currently unavailable)

@: paralysed, wisp-form, flying, very slightly contaminated, invisible, quick
A: tiny, clever 1, magic resistance 2, robust 2, MP-powered wands
a: Renounce Religion


You were on level 6 of the Lair of Beasts.
You worshipped Xom.
You were a plaything of Xom.
You were not hungry.
You were an insubstantial wisp.
You visited 3 branches of the dungeon, and saw 17 of its levels.
You also visited: Sewer.

You collected 1185 gold pieces.

Inventory:

Hand Weapons
 a - a +2 dagger
 k - a +2 dagger of electrocution (melded)
 A - a +3 rapier of piercing
 O - a +7 blowgun
Missiles
 d - 8 javelins of returning (quivered)
 e - 45 poisoned needles
 t - 7 curare-tipped needles
Armour
 c - a +1 hat of intelligence (melded)
 B - a +2 leather armour of cold resistance (melded)
 G - a +0 troll leather armour {Purgy}
 J - a +2 pair of gloves (melded)
 K - a +1 shield (melded)
 R - a cursed +2 cloak (melded)
Jewellery
 Q - a +3 ring of strength {unknown}
Wands
 o - a wand of random effects (30)
 q - a wand of enslavement (12)
 r - a wand of iceblast (14)
 y - a wand of acid (15)
 I - a wand of scattershot (3)
 L - a wand of paralysis (7)
 N - a wand of flame (18)
Scrolls
 b - 3 scrolls of identify
 f - 4 scrolls of amnesia
 h - 2 scrolls of enchant weapon
 l - 4 scrolls of magic mapping
 n - 5 scrolls of immolation
 u - a scroll of summoning
 v - 2 scrolls of silence
 C - 4 scrolls of remove curse
Potions
 j - a potion of magic
 m - 2 potions of ambrosia
 s - 3 potions of flight
 w - 2 potions of berserk rage
 x - a potion of curing
 z - 4 potions of might
 D - a potion of agility
 E - 2 potions of cancellation
 M - 2 potions of mutation
Comestibles
 g - 27 rations
 P - 3 chunks of flesh


   Skills:
 - Level 9.0 Fighting
 - Level 10.0 Short Blades
 - Level 3.8 Throwing
 - Level 6.0 Armour
 + Level 13.4 Dodging
 - Level 6.6 Stealth
 - Level 10.0 Shields
 - Level 5.0 Evocations


You had 12 spell levels left.
You didn't know any spells.
Your spell library contained the following spells:

 Spells                   Type           Power        Failure   Level  Hunger
 Animate Skeleton         Necr           N/A          19%         1    ##.....
 Apportation              Tloc           #.....       19%         1    ##.....
 Confusing Touch          Hex            #.....       19%         1    ##.....
 Corona                   Hex            #......      19%         1    ##.....
 Sting                    Conj/Pois      #...         19%         1    ##.....
 Summon Small Mammal      Summ           #...         19%         1    ##.....
 Ensorcelled Hibernation  Hex/Ice        #.....       28%         2    ###....
 Poisonous Vapours        Pois/Air       #.....       28%         2    ###....
 Confuse                  Hex            #.......     50%         3    ####...
 Dazzling Spray           Conj/Hex       #.....       50%         3    ####...
 Gell's Gravitas          Tloc           #.........   50%         3    ####...
 Mephitic Cloud           Conj/Pois/Air  #.......     50%         3    ####...
 Tukima's Dance           Hex            #.......     50%         3    ####...
 Cause Fear               Hex            #.........   88%         4    #####..
 Olgreb's Toxic Radiance  Pois           #.......     88%         4    #####..
 Petrify                  Tmut/Erth      #.......     88%         4    #####..
 Metabolic Englaciation   Hex/Ice        #.........   99%         5    ######.
 Silence                  Hex/Air        #.........   99%         5    ######.
 Venom Bolt               Conj/Pois      #.........   99%         5    ######.
 Yara's Violent Unravell  Hex/Tmut       #.........   99%         5    ######.
 Deflect Missiles         Chrm/Air       #.........   100%        6    #######
 Discord                  Hex            #.........   100%        8    #######


Dungeon Overview and Level Annotations

Branches:
Dungeon (10/15)            Temple (1/1) D:4            Lair (6/6) D:10
  Swamp (0/4) Lair:2       Spider (0/4) Lair:2        Slime (0/5) Lair:5
    Orc: D:9-12

Altars:
Ashenzari
Cheibriados
Dithmenos
Elyvilon
Fedhas
Gozag
Hepliaklqana
Kikubaaqudgha
Makhleb
Nemelex Xobeh
Okawaru
Qazlal
Ru
Sif Muna
Trog
Uskayaw
Vehumet
Wu Jian
Xom
Yredelemnul
Zin
The Shining One

Shops:
D:4 *   D:6 [   D:8 ?

Annotations:
D:6 1 exclusion
Lair:4 exclusion: swamp worm


Innate Abilities, Weirdness & Mutations

((You have a pair of small antennae on your head.))
((You have sharp fingernails.))
((You have razor-sharp toenails.))
((You are partially covered in large bone plates. (SH +4)))
((You are partially covered in molten scales. (AC +2)))
((You are partially covered in thin metallic scales. (AC +2)))
Your mind is acute. (Int +2)
You are highly resistant to hostile enchantments. (MR++)
((Your system is resistant to poisons. (rPois)))
You are very robust. (+20% HP)
You expend magic power (3 MP) to strengthen your wands.


Message History

The blink frog is engulfed in seething chaos.
You turn into an insubstantial wisp.
Your +2 dagger of electrocution melds into your body.
Your cursed +2 cloak melds into your body.
Your +1 hat of intelligence melds into your body.
Your +2 pair of gloves melds into your body.
Your +1 shield melds into your body.
Your +2 leather armour of cold resistance melds into your body.
Your +2 dagger of electrocution stops crackling.
You feel stupid.
You feel less resistant to cold. Something bites you but does no damage.
The wolf is engulfed in seething chaos.
The polar bear is engulfed in seething chaos.
The polar bear bites you!
* * * LOW HITPOINT WARNING * * *
The polar bear claws you but does no damage. x2
The catoblepas is engulfed in seething chaos.
The catoblepas gores you!!
You die...
Xom laughs nastily!

...........#,,** , *
..(.#......#* ,* ,, ,***
..........÷##,*, ,, ,
.#.....P.P..##*, ,,,,**
..##......P..##* ,,,,######
.#.............#*,,###.P..##
.#.P.#÷.......§F####.P.....##
..#P...P......Fh{h{Y........###
.##P.P........SYv##F......÷...##
P*....##.P...._########h.......##
,....#**#.÷... * ***,#####P....#
..P#.* *#.... * ,, ,,,,###...#
,,,,,* #..,** *,,,8, 8,, #....
,,,*,* #.,,* **,,,, ,,, 8 ##...
,*,* #* ,* * ,,, , ,* ,, #... ***
*,, *,,8, 8,**,,,,##P. ***
*,,,***,,,, ****,,,##.


You could see a death yak (berserk), a catoblepas, a polar bear, 2 blink frogs,
a water moccasin and a wolf (petrified).

Vanquished Creatures
  Rupert (Lair:3)
  Gastronok (Lair:3)
  An entropy weaver (Lair:5)
  A great orb of eyes (Lair:4)
  2 hydras
  Fannar (D:10)
  A catoblepas (Lair:4)
  An alligator (Lair:4)
  A queen ant (Lair:5)
  5 death yaks (Lair:5)
  Sonja (Lair:1)
  A swamp dragon (Lair:3)
  A manticore (D:8)
  A moth of wrath (shapeshifter) (D:10)
  3 elephants (Lair:5)
  A black mamba (Lair:2)
  4 spiny frogs
  2 rime drakes
  2 komodo dragons
  2 polar bears
  2 trolls
  2 jumping spiders (Lair:2)
  A queen bee (Lair:2)
  Grinder (D:5)
  A slime creature (Lair:4)
  11 blink frogs
  5 hippogriffs
  Sigmund (D:2)
  A redback (shapeshifter) (Lair:5)
  A spriggan (Lair:3)
  Eustachio (D:4)
  20 yaks
  A wyvern (Lair:2)
  A human (Lair:2)
  A hungry ghost (D:8)
  A vampire mosquito (Lair:4)
  2 wargs (D:9)
  3 swamp worms (Lair:4)
  5 porcupines
  10 soldier ants (Lair:5)
  Purgy (Sewer)
  A black bear (Lair:3)
  6 water moccasins
  An orc warrior (D:10)
  4 phantoms
  A sky beast (D:8)
  An ogre (D:8)
  17 wolves
  2 centaurs
  11 crocodiles
  16 bullfrogs
  A big kobold (D:9)
  A gnoll sergeant (D:7)
  A water moccasin zombie (D:9)
  2 scorpions
  A wyvern skeleton (D:8)
  5 wights (D:8)
  6 killer bees (D:10)
  A howler monkey (D:4)
  3 crimson imps
  A bullfrog zombie (D:6)
  5 jellies
  2 hounds
  4 orc priests
  8 orc wizards
  A centaur skeleton (D:9)
  A bullfrog skeleton (D:8)
  3 iguanas
  21 worker ants
  2 hound zombies
  2 hound skeletons (D:6)
  A worker ant zombie (D:5)
  6 gnolls (D:7)
  7 adders
  A shadow imp (D:6)
  7 oozes
  2 adder skeletons (D:4)
  3 worms
  2 dart slugs
  5 leopard geckos
  36 orcs
  5 giant cockroaches
  12 goblins
  10 hobgoblins
  5 jackals
  22 kobolds
  4 quokkas
  3 ball pythons
  13 bats
  6 frilled lizards
  A jackal skeleton (D:5)
  13 rats
400 creatures vanquished.

Vanquished Creatures (collateral kills)
  An entropy weaver (Lair:5)
  2 death yaks (Lair:5)
  A komodo dragon (Lair:1)
  A blink frog (Lair:2)
  13 soldier ants (Lair:5)
  An orc warrior (D:7)
  3 wolves (Lair:5)
  A bullfrog (Lair:5)
  An orc wizard (D:6)
  A worker ant (Lair:5)
  A gnoll (D:7)
  2 jackals (D:10)
  A plant (Lair:2)
29 creatures vanquished.

Vanquished Creatures (others)
  2 death yaks (Lair:5)
  5 gnolls (D:7)
  A bush (Lair:5)
  16 fungi
  12 plants
36 creatures vanquished.

Grand Total: 465 creatures vanquished

Notes
Turn   | Place    | Note
-------+----------+-------------------------------------------
     0 | D:1      | Flugkiller the Deep Elf Assassin began the quest for the Orb.
     0 | D:1      | Reached XP level 1. HP: 12/12 MP: 3/3
   476 | D:1      | Reached skill level 2 in Dodging
   476 | D:1      | Reached XP level 2. HP: 16/16 MP: 4/4
  1294 | D:1      | Reached XP level 3. HP: 19/20 MP: 5/5
  1867 | D:2      | Reached skill level 3 in Dodging
  2272 | D:2      | Noticed Sigmund
  2371 | D:2      | Reached XP level 4. HP: 9/25 MP: 6/6
  2863 | D:2      | Killed Sigmund
  2863 | D:2      | Reached skill level 5 in Dodging
  2863 | D:2      | Reached XP level 5. HP: 15/29 MP: 7/7
  3955 | D:3      | Reached XP level 6. HP: 32/34 MP: 8/8
  4599 | D:3      | Reached skill level 5 in Short Blades
  4651 | D:3      | Found a faded altar of an unknown god.
  4838 | D:4      | Found a staircase to the Ecumenical Temple.
  4847 | Temple   | Entered the Ecumenical Temple
  5032 | Temple   | Became a worshipper of Xom of Chaos
  5270 | D:4      | Noticed Eustachio
  5273 | D:4      | XOM: harmless Necr miscast
  5289 | D:4      | XOM: enchant monster (bad)
  5293 | D:4      | XOM: confuse monster(s)
  5296 | D:4      | Killed Eustachio
  5296 | D:4      | Reached skill level 6 in Dodging
  5296 | D:4      | Reached XP level 7. HP: 17/38 MP: 9/9
  5428 | D:4      | XOM: give mutation
  5428 | D:4      | Gained mutation: You have a pair of small antennae on your head. [Xom's grace]
  5583 | D:4      | XOM: 1-stop teleportation journey
  5732 | D:4      | Found Koqa's General Store.
  5880 | D:4      | XOM: cleaving
  5896 | D:4      | Reached skill level 7 in Dodging
  6100 | D:4      | XOM: give mutations
  6100 | D:4      | Gained mutation: You are resistant to hostile enchantments. (MR+) [Xom's grace]
  6100 | D:4      | Gained mutation: You have supernaturally acute eyesight. (SInv) [Xom's grace]
  6100 | D:4      | Gained mutation: Your system is resistant to poisons. (rPois) [Xom's grace]
  6100 | D:4      | Gained mutation: You have sharp toenails. [Xom's grace]
  6204 | D:5      | Entered Level 5 of the Dungeon
  6391 | D:5      | XOM: harmless Tloc miscast
  6499 | D:5      | XOM: silly message
  6680 | D:5      | XOM: give mutations
  6680 | D:5      | Lost mutation: You have supernaturally acute eyesight. (SInv) [Xom's mischief]
  6680 | D:5      | Gained mutation: Scrolls take you a little longer to read. [Xom's mischief]
  6680 | D:5      | Gained mutation: You are robust. (+10% HP) [Xom's mischief]
  6680 | D:5      | Gained mutation: Your body sometimes deteriorates upon taking damage. [Xom's mischief]
  7000 | D:5      | XOM: harmless Conj miscast
  7109 | D:5      | Noticed Grinder
  7114 | D:5      | XOM: potion effect (might)
  7116 | D:5      | Killed Grinder
  7116 | D:5      | Reached skill level 8 in Dodging
  7116 | D:5      | Reached XP level 8. HP: 17/47 MP: 10/10
  7459 | D:6      | XOM: summons 4 friendly demons
  7597 | D:6      | Found a glowing drain.
  7626 | Sewer    | Entered a sewer
  7708 | Sewer    | Noticed Purgy
  7710 | Sewer    | Killed Purgy
  7741 | Sewer    | XOM is BORED!
  7741 | Sewer    | XOM: draining
  7896 | D:6      | Found an ornate altar of the Wu Jian Council.
  7896 | D:6      | Found a snail-covered altar of Cheibriados.
  7914 | D:6      | Reached skill level 9 in Dodging
  7993 | D:6      | Found an ornate altar of the Wu Jian Council.
  8020 | D:6      | XOM: give mutation
  8020 | D:6      | Gained mutation: Your spells are a little harder to cast, but a little more powerful. [Xom's grace]
  8033 | D:6      | Found Iduaku's Armour Shop.
  8165 | D:6      | XOM: cloud trail
  8434 | D:6      | Found a blossoming altar of Fedhas.
  8446 | D:6      | Found a stormy altar of Qazlal.
  8492 | D:6      | XOM: divination: detect items
  8654 | D:7      | XOM: scenery: create altars
  8697 | D:7      | XOM: divine lightning
  8700 | D:7      | XOM: summons 4 friendly demons
  8743 | D:7      | XOM: give mutations
  8743 | D:7      | Gained mutation: You possess an exceptional clarity of mind. [Xom's grace]
  8743 | D:7      | Gained mutation: Your mind is acute. (Int +2) [Xom's grace]
  8743 | D:7      | Gained mutation: You are partially covered in molten scales. (AC +2) [Xom's grace]
  8984 | D:7      | Reached skill level 10 in Dodging
  8984 | D:7      | Reached XP level 9. HP: 49/51 MP: 11/11
  9097 | D:7      | XOM: destruction
  9113 | D:6      | XOM: butterfly on damage
  9158 | D:7      | XOM: give mutation
  9158 | D:7      | Gained mutation: You have sharp fingernails. [Xom's grace]
  9189 | D:7      | XOM: polymorph gnoll -> hobgoblin
  9254 | D:7      | XOM: give mutations
  9254 | D:7      | Gained mutation: You expend magic power (3 MP) to strengthen your wands. [Xom's grace]
  9254 | D:7      | Gained mutation: You have razor-sharp toenails. [Xom's grace]
  9254 | D:7      | Gained mutation: You are very robust. (+20% HP) [Xom's grace]
  9254 | D:7      | Gained mutation: You are partially covered in thin metallic scales. (AC +2) [Xom's grace]
  9726 | D:8      | XOM: enchant monster (good)
  9737 | D:8      | Found a radiant altar of Vehumet.
  9754 | D:8      | XOM: scenery: create altars
  9804 | D:8      | Found Kaukeutz's Magic Scroll Shoppe.
  9885 | D:8      | Found a white marble altar of Elyvilon.
  9887 | D:8      | Noticed a manticore
  9892 | D:8      | Killed a manticore
  9999 | D:8      | XOM: scenery: create altars
 10051 | D:8      | Reached skill level 5 in Fighting
 10126 | D:8      | XOM: god gift: metal-bound book {god gift}
 10191 | D:8      | XOM: destruction
 10229 | D:8      | Found a sparkling altar of Nemelex Xobeh.
 10328 | D:9      | Reached XP level 10. HP: 70/70 MP: 12/12
 10376 | D:9      | XOM: divination: magic mapping
 10386 | D:9      | XOM: silly message
 10433 | D:9      | Reached skill level 10 in Short Blades
 10555 | D:9      | XOM: harmless Summ miscast
 10736 | D:9      | XOM: 4-stop teleportation journey
 10912 | D:9      | XOM is BORED!
 11237 | D:10     | Entered Level 10 of the Dungeon
 11239 | D:10     | XOM: 1-stop teleportation journey
 11377 | D:10     | XOM: potion effect (berserk rage)
 11382 | D:10     | Reached skill level 1 in Evocations
 11389 | D:10     | Reached skill level 1 in Shields
 11418 | D:10     | Found a staircase to the Lair.
 11453 | D:10     | XOM: potion effect (curing)
 11472 | D:9      | XOM: harmless Ice miscast
 11626 | D:10     | Noticed Fannar
 11641 | D:10     | XOM: cast spell 'Summon Ice Beast'
 11649 | D:10     | XOM: mild Hex miscast
 11683 | D:10     | XOM: fake destruction
 11692 | D:10     | XOM: cleaving
 11812 | D:9      | XOM: divination: detect creatures
 11969 | D:10     | XOM: summons friendly crimson imp
 12005 | D:10     | XOM: polymorph crimson imp -> iron imp
 12006 | D:10     | XOM: 7-stop teleportation journey
 12122 | D:10     | XOM: polymorph iron imp -> crimson imp
 12123 | D:10     | XOM: summons 3 friendly demons
 12260 | D:10     | XOM: summons 6 friendly demons
 12282 | D:10     | Killed Fannar
 12349 | D:10     | XOM: scenery: 2 doors close
 12424 | D:10     | XOM: give mutation
 12424 | D:10     | Gained mutation: You are extremely robust. (+30% HP) [Xom's grace]
 12556 | Lair:1   | Entered Level 1 of the Lair of Beasts
 12557 | Lair:1   | XOM: enchant monster (bad)
 12561 | Lair:1   | Noticed a salamander
 12561 | Lair:1   | a yak changed into a salamander
 12561 | Lair:1   | XOM: polymorph yak -> salamander
 12566 | D:10     | XOM: smoke on damage
 12567 | D:10     | XOM: enchant monster (bad)
 12568 | D:10     | a salamander changed into a tarantella
 12569 | D:10     | Noticed a moth of wrath
 12569 | D:10     | a tarantella changed into a moth of wrath
 12572 | D:10     | XOM: silly message
 12579 | D:10     | XOM: enchant monster (good)
 12586 | D:10     | Killed a moth of wrath
 13010 | Lair:1   | XOM: snakes to sticks
 13024 | Lair:1   | XOM: cast spell 'Call Canine Familiar'
 13054 | Lair:1   | Reached skill level 5 in Evocations
 13184 | Lair:1   | Found a hazy altar of Hepliaklqana.
 13310 | Lair:1   | Noticed Sonja
 13313 | Lair:1   | Killed Sonja
 13313 | Lair:1   | Reached XP level 11. HP: 87/87 MP: 9/16
 13331 | Lair:1   | XOM: confuse monster(s)
 13347 | Lair:1   | XOM: smoke on damage
 13358 | Lair:1   | XOM: potion effect (agility)
 13370 | Lair:1   | XOM is BORED!
 13370 | Lair:1   | XOM: medium Ice miscast
 13418 | Lair:1   | XOM: noise
 13595 | Lair:1   | XOM: harmless Ice miscast
 13605 | Lair:1   | XOM: cast spell 'Summon Ice Beast'
 13833 | Lair:1   | XOM: summons 5 hostile demons
 13849 | Lair:1   | XOM: give mutations
 13849 | Lair:1   | Lost mutation: You are extremely robust. (+30% HP) [Xom's mischief]
 13849 | Lair:1   | Lost mutation: Your body sometimes deteriorates upon taking damage. [Xom's mischief]
 13912 | Lair:2   | Reached skill level 1 in Armour
 13948 | Lair:1   | XOM is BORED!
 13948 | Lair:1   | XOM: blink monster(s)
 14013 | Lair:2   | Found a staircase to the Swamp.
 14070 | Lair:2   | XOM: enchant monster (good)
 14090 | Lair:2   | XOM: polymorph polar bear -> queen bee
 14232 | Lair:2   | XOM: silly message
 14250 | Lair:2   | XOM: 1-stop teleportation journey
 14371 | Lair:2   | XOM: blink monster(s)
 14379 | Lair:2   | XOM: enchant monster (bad)
 14381 | Lair:2   | XOM: polymorph yak -> human
 14383 | Lair:2   | XOM: divination: detect items
 14404 | Lair:2   | XOM: enchant monster (good)
 14427 | Lair:2   | Reached skill level 5 in Shields
 14429 | Lair:2   | XOM: cleaving
 14439 | Lair:2   | XOM: confuse monster(s)
 14780 | Lair:2   | XOM: give mutations
 14780 | Lair:2   | Gained mutation: You are highly resistant to hostile enchantments. (MR++) [Xom's grace]
 14780 | Lair:2   | Gained mutation: You are partially covered in large bone plates. (SH +4) [Xom's grace]
 14812 | Lair:2   | Reached skill level 11 in Dodging
 15001 | Lair:2   | XOM: fog
 15017 | Lair:1   | XOM: scenery: create altars
 15032 | Lair:2   | XOM: confuse monster(s)
 15073 | Lair:2   | XOM: cast spell 'Summon Horrible Things'
 15092 | Lair:2   | XOM: polymorph large abomination -> death ooze
 15096 | Lair:2   | XOM: 2-stop teleportation journey
 15154 | Lair:2   | XOM: fog
 15353 | Lair:2   | Found a hole to the Spider Nest.
 15367 | Lair:2   | XOM: silly message
 15405 | Lair:2   | Noticed a four-headed hydra
 15409 | Lair:2   | Killed a four-headed hydra
 15411 | Lair:2   | XOM: divination: detect creatures
 15580 | Lair:3   | Noticed Gastronok
 15582 | Lair:3   | XOM: cast spell 'Statue Form'
 15600 | Lair:3   | Killed Gastronok
 15600 | Lair:3   | Reached skill level 5 in Stealth
 15600 | Lair:3   | Reached XP level 12. HP: 77/87 MP: 17/17
 15806 | Lair:3   | Noticed Rupert
 15838 | Lair:3   | Killed Rupert
 15838 | Lair:3   | Reached skill level 12 in Dodging
 16152 | Lair:3   | XOM: confuse monster(s)
 16294 | Lair:3   | XOM: fog
 16528 | Lair:3   | XOM: harmless Ice miscast
 16568 | Lair:3   | XOM: mild Pois miscast
 17067 | Lair:3   | XOM: enchant monster (bad)
 17086 | Lair:3   | XOM: summons friendly ufetubus
 17483 | Lair:4   | XOM: 3-stop teleportation journey
 17766 | Lair:4   | XOM: mild Erth miscast
 17858 | Lair:4   | Noticed a catoblepas
 17870 | Lair:4   | XOM: harmless Hex miscast
 17884 | Lair:4   | XOM: noise
 17906 | Lair:4   | Killed a catoblepas
 18052 | Lair:4   | XOM: mild Tmut miscast
 18224 | Lair:3   | XOM: swap monsters
 18260 | Lair:3   | XOM: noise
 18450 | Lair:4   | Noticed an alligator
 18483 | Lair:4   | XOM: swap monsters
 18503 | Lair:4   | Killed an alligator
 18664 | Lair:4   | Noticed an alligator
 18747 | Lair:4   | Noticed a great orb of eyes
 18747 | Lair:4   | a slime creature changed into a great orb of eyes
 18747 | Lair:4   | XOM: polymorph slime creature -> great orb of eyes
 18765 | Lair:4   | Killed a great orb of eyes
 18898 | Lair:4   | Noticed an eight-headed hydra
 18900 | Lair:4   | XOM: harmless Necr miscast
 18902 | Lair:4   | XOM: potion effect (invisibility)
 18934 | Lair:4   | Killed an eight-headed hydra
 19013 | Lair:5   | Reached XP level 13. HP: 93/93 MP: 18/18
 19016 | Lair:5   | XOM: fake destruction
 19017 | Lair:5   | XOM: polymorph elephant -> glowing shapeshifter
 19042 | Lair:5   | XOM: destruction
 19047 | Lair:5   | XOM: divination: detect items
 19090 | Lair:5   | Found a staircase to the Slime Pits.
 19282 | Lair:5   | XOM: smoke on damage
 19295 | Lair:5   | XOM: harmless Hex miscast
 19302 | Lair:5   | Found a labyrinth entrance.
 19310 | Lair:5   | XOM: give mutations
 19310 | Lair:5   | Gained mutation: You are somewhat resistant to further mutation. [Xom's grace]
 19310 | Lair:5   | Lost mutation: You are somewhat resistant to further mutation. [Xom's grace]
 19310 | Lair:5   | Gained mutation: You evolve. [Xom's grace]
 19338 | Lair:5   | XOM: scenery: create altars
 19357 | Lair:5   | XOM: enchant monster (good)
 19364 | Lair:5   | XOM: scenery: create altars
 19374 | Lair:5   | Reached skill level 10 in Shields
 19375 | Lair:5   | XOM: enchant monster (good)
 19395 | Lair:5   | Noticed an entropy weaver
 19395 | Lair:5   | a death yak changed into an entropy weaver
 19395 | Lair:5   | XOM: polymorph death yak -> entropy weaver
 19396 | Lair:5   | XOM: fog
 19414 | Lair:5   | HP: 4/94 [entropy weaver (10)]
 19417 | Lair:5   | Killed an entropy weaver
 19433 | Lair:5   | XOM: scenery: create altars
 19460 | Lair:5   | XOM: 8-stop teleportation journey
 19471 | Lair:5   | XOM: summons 8 friendly demons
 19543 | Lair:5   | XOM: god gift: 8 javelins of returning
 19552 | Lair:5   | XOM: scenery: create altars
 19586 | Lair:5   | XOM: 1-stop teleportation journey
 19740 | Lair:5   | XOM: medium Tmut miscast
 19757 | Lair:5   | XOM: confuse monster(s)
 19767 | Lair:5   | XOM: noise
 19768 | Lair:5   | XOM: swap monsters
 19769 | Lair:5   | XOM: 6-stop teleportation journey
 19770 | Lair:5   | XOM: blink monster(s)
 19841 | Lair:5   | XOM: summons 4 hostile demons
 19845 | Lair:5   | Reached skill level 5 in Armour
 19867 | Lair:5   | XOM: polymorph ufetubus -> white imp
 19889 | Lair:5   | XOM: noise
 19963 | Lair:5   | XOM: noise
 19972 | Lair:5   | Noticed an entropy weaver
 20001 | Lair:5   | Killed an entropy weaver
 20007 | Lair:5   | XOM: potion effect (heal wounds)
 20010 | Lair:5   | XOM: scenery: create altars
 20027 | Lair:5   | XOM: enchant monster (good)
 20038 | Lair:5   | XOM: confuse monster(s)
 20047 | Lair:5   | Reached skill level 13 in Dodging
 20086 | Lair:5   | XOM: divine lightning
 20187 | Lair:5   | XOM: summons friendly chaos spawn
 20212 | Lair:5   | Noticed an entropy weaver
 20236 | Lair:4   | XOM: give mutations
 20236 | Lair:4   | Lost mutation: Scrolls take you a little longer to read. [Xom's mischief]
 20236 | Lair:4   | Lost mutation: You possess an exceptional clarity of mind. [Xom's mischief]
 20236 | Lair:4   | Lost mutation: You evolve. [Xom's mischief]
 20236 | Lair:4   | Lost mutation: Your spells are a little harder to cast, but a little more powerful. [Xom's mischief]
 20320 | Lair:5   | XOM: confusion (+ monsters)
 20322 | Lair:5   | XOM: enchant monster (bad)
 20343 | Lair:5   | XOM: summons 2 friendly demons
 20413 | Lair:5   | XOM: cast spell 'Summon Dragon'
 21028 | Lair:6   | Entered Level 6 of the Lair of Beasts
 21048 | Lair:6   | XOM: mild Necr miscast
 21049 | Lair:6   | XOM: divination: magic mapping
 21056 | Lair:6   | XOM: potion effect (brilliance)
 21129 | Lair:5   | XOM: mild Conj miscast
 21145 | Lair:6   | XOM: blink monster(s)
 21148 | Lair:6   | XOM: confusion
 21150 | Lair:6   | XOM: 1-stop teleportation journey
 21172 | Lair:6   | XOM: scenery: create altars
 21190 | Lair:6   | XOM: chaos cloud
 21194 | Lair:6   | XOM: blink monster(s)
 21207 | Lair:6   | Paralysed by you for 7 turns
 21208 | Lair:6   | XOM: divination: magic mapping
 21209 | Lair:6   | Slain by a catoblepas

Skill      XL: |  1  2  3  4  5  6  7  8  9 10 11 12 13 |
---------------+----------------------------------------+-----
Dodging        | 2 3 5 6 8 10 11 12 13 | 13.4
Short Blades   | 3 4 5 7 8 9 10 | 10.0
Fighting       | 5 7 8 9 |  9.0
Evocations     | 5 |  5.0
Shields        | 4 6 9 10 | 10.0
Armour         | 4 6 |  6.0
Throwing       | 3 |  3.8
Stealth        | 5 6 |  6.6

Action                   |  1- 3 |  4- 6 |  7- 9 | 10-12 | 13-15 || total
-------------------------+-------+-------+-------+-------+-------++-------
Melee: Dagger            |   141 |   174 |   234 |   343 |   399 ||  1291
       Rapier            |       |       |   153 |   556 |    73 ||   782
       Kick              |       |       |    86 |   304 |   178 ||   568
 Fire: Blowgun           |     4 |     8 |       |     3 |       ||    15
Evoke: Wand              |       |     4 |     6 |    20 |     1 ||    31
  Use: Scroll            |       |     5 |    13 |    15 |     7 ||    40
       Potion            |       |       |     1 |     3 |     8 ||    12
 Stab: Sleeping          |     7 |    14 |     8 |     6 |     1 ||    36
       Distracted        |       |     1 |     1 |     2 |     2 ||     6
       Petrifying        |       |       |     1 |     2 |       ||     3
       Paralysed         |       |       |       |     1 |       ||     1
       Invisible         |       |       |       |     3 |     1 ||     4
       Confused          |       |       |       |       |     1 ||     1
  Eat: Chunk             |     4 |     6 |    13 |    16 |     4 ||    43
       Ration            |       |     1 |     1 |     4 |     1 ||     7
Armor: Robe              |    48 |    18 |       |       |       ||    66
       Leather armour    |       |       |    13 |    87 |    55 ||   155
       Troll leather arm |       |       |    29 |    15 |       ||    44
       Skin              |       |       |       |     1 |     3 ||     4
Dodge: Dodged            |   102 |   134 |   228 |   408 |   172 ||  1044
Block: Shield            |       |       |    16 |   351 |   328 ||   695
